 Dungeon Crawl Stone Soup version 0.31-a0-79-g9ec6622867 (webtiles) character file.

Game seed: 10068332752760366645

23 Kenran the Chopper (level 2, 0/23 HPs)
             Began as a Vampire Fighter on May 24, 2023.
             Slain by a gnoll
             ... wielding a +0 flail
              (4 damage)
             ... on level 2 of the Dungeon.
             The game lasted 00:01:15 (1229 turns).

Kenran the Chopper (Vampire Fighter)                Turns: 1229, Time: 00:01:15

Health: 0/23       AC:  6    Str: 15    XL:     2   Next: 72%
Magic:  2/2        EV:  5    Int: 10    God:
Gold:   32         SH:  4    Dex: 13    Spells: 1/1 levels left

rFire   . . .        a - +0 war axe
rCold   . . .        c - +0 buckler
rNeg    . . .        b - +0 scale mail
rPois   .            (no helmet)
rElec   .            (no cloak)
rCorr   .            (no gloves)
SInv    +            (no boots)
Will    .....        (no amulet) Stlth
                     (no ring)
HPRegen 0.43/turn    (no ring)
MPRegen 0.08/turn

%: no passive effects
@: mighty, healing quickly, constricted
A: alive, fangs 3, see invisible, vampiric 1
a: Exsanguinate


You were on level 2 of the Dungeon.
You visited 1 branch of the dungeon, and saw 2 of its levels.

You collected 32 gold pieces.

Inventory:

Hand Weapons
 a - a +0 war axe (weapon)
Missiles
 g - 4 poisoned darts (quivered)
 i - 5 boomerangs of dispersal
 j - 10 boomerangs
Armour
 b - a +0 scale mail (worn)
 c - a +0 buckler (worn)
Scrolls
 e - a scroll of teleportation {unknown}
 h - a scroll of identify {unknown}
Potions
 f - 2 potions of curing {unknown}


   Skills:
 - Level 2.6 Fighting
 + Level 3.0 Axes
 - Level 2.4 Armour
 - Level 2.6 Shields


You had one spell level left.
You didn't know any spells.
Your spell library contained the following spells:

 Spells                   Type           Power      Damage    Failure   Level
 Shock                    Conj/Air       0%         1d3       89%         1
 Swiftness                Air            0%         N/A       99%         3
 Airstrike                Air            0%         2d(0-16)  100%        4


Dungeon Overview and Level Annotations

Branches:
Dungeon (2/15)

Altars:


Innate Abilities, Weirdness & Mutations

Your natural rate of healing is accelerated.
You have razor-sharp teeth.
You have supernaturally acute eyesight. (SInv)
You are afflicted with vampirism.


Message History

The ball python bites you. The ball python grabs you.
You stop ascending the stairs.
The ball python constricts you.
The ball python's grasp on you weakens, but your attempt to escape fails.
The ball python bites you but does no damage.
The adder bites you but does no damage. The ball python barely misses you.
The ball python constricts you. You block the gnoll's attack.
The hobgoblin hits you. The gnoll hits you with a +0 flail.
* * * LOW HITPOINT WARNING * * *
The bat barely misses you.
The ball python bites you but does no damage.
You are too injured to fight recklessly!
You feel very mighty all of a sudden. The bat barely misses you.
The adder barely misses you. The ball python barely misses you.
The ball python constricts you. The hobgoblin hits you.
* * * LOW HITPOINT WARNING * * *
The frilled lizard bites you but does no damage.
The ball python barely misses you. The adder closely misses you.
You barely miss the gnoll. You hit the ball python. You slash the hobgoblin!
You kill the hobgoblin!
You closely miss the ball python. You slash the gnoll! You slash the adder!
You barely miss the frilled lizard. The bat hits you but does no damage.
The ball python bites you but does no damage.
The ball python constricts you. The bat hits you but does no damage.
The adder bites you but does no damage.
The ball python bites you but does no damage.
The frilled lizard bites you.
* * * LOW HITPOINT WARNING * * *
You block the ball python's attack. The ball python constricts you.
You barely miss the gnoll. You slash the adder!
You kill the adder!
You barely miss the frilled lizard. You barely miss the gnoll.
You closely miss the ball python. You slash the ball python!
You kill the ball python!
You barely miss the gnoll. The bat hits you but does no damage.
The ball python bites you but does no damage.
The ball python grabs you. The ball python constricts you.
The frilled lizard bites you but does no damage.
The gnoll hits you with a +0 flail.
You die...

....$......#
...........#
#.........#
#.!......#
#........#
#........####
..#...blS......
#.....g@gg.....
#####..g†......
#............
...............
..........>....
..###..........
# #..........
#........##


You could see 4 gnolls, a bat, a ball python and a frilled lizard.

Vanquished Creatures
  An adder (D:2)
  3 bats (D:1)
  2 endoplasms (D:1)
  A giant cockroach (D:1)
  A goblin (D:1)
  3 hobgoblins
  2 quokkas (D:1)
  4 ball pythons
  A kobold (D:1)
  4 rats (D:1)
22 creatures vanquished.

Notes
Turn   | Place    | Note
-------+----------+-------------------------------------------
     0 | D:1      | Kenran the Vampire Fighter began the quest for the Orb.
     0 | D:1      | Reached XP level 1. HP: 17/17 MP: 1/1
    66 | D:1      | Reached skill level 2 in Axes
   215 | D:1      | Reached XP level 2. HP: 23/23 MP: 2/2
   878 | D:1      | Reached skill level 3 in Axes
  1229 | D:2      | Slain by a gnoll

Illustrated notes

Levels and vault maps discovered:
D:1:      heliophobic_arrival_battle_scene, layout_basic, supply_closet_lemuel,
          lemuel_flame_loot_1
D:2:      layout_rooms, serial_shops, shop, nicolae_shop_tiny_statue_garden,
          nicolae_shop_hallway_stairs, basic_altar, minivault_23

Skill      XL: |  1  2 |
---------------+-------+-----
Axes           | 2 3 |  3.0
Fighting       | |  2.6
Armour         | |  2.4
Shields        | |  2.6

Action                     || total
---------------------------++-------
  Melee: War axe           ||    53
         Bite              ||     1
    Use: Potion            ||     1
 Armour: Scale mail        ||    49
  Dodge: Dodged            ||    34
  Block: Buckler           ||    21

Table legend: (Time is in decaauts)
 A = Elapsed time spent in this place.
 B = Non-inter-level travel time spent in this place.
 C = Inter-level travel time spent in this place.
 D = Time resting spent in this place.
 E = Time spent auto-exploring this place.
 F = Levels seen in this place.
 G = Mean time per level.
                   A        B        C        D        E       F      G
               +--------+--------+--------+--------+--------+-----+--------+
         Total |   1251 |   1193 |     58 |      0 |   1015 |   2 |  625.5 |
       Dungeon |   1251 |   1193 |     58 |      0 |   1015 |   2 |  625.5 |
               +--------+--------+--------+--------+--------+-----+--------+

Top non-repeatable levels by time:
     D:1: 1239 daAuts
     D:2: 11 daAuts
